 Dungeon Crawl Stone Soup version 0.21-a0-150-gc243083 (webtiles) character file.

1733 Gate88 the Spear-Bearer (level 9, -11/65 HPs)
             Began as a Merfolk Gladiator on July 29, 2017.
             Was a Believer of Okawaru.
             Mangled by a hornet (15 damage)
             ... while paralysed by a hornet
             ... on level 8 of the Dungeon on July 30, 2017.
             The game lasted 00:21:21 (6303 turns).

Gate88 the Spear-Bearer (Merfolk Gladiator)         Turns: 6303, Time: 00:21:22

Health: -11/65     AC:  5    Str: 14    XL:     9   Next: 5%
Magic:  2/9        EV:  2    Int:  9    God:    Okawaru [**....]
Gold:   270        SH:  0    Dex: 19    Spells: 2/8 levels left

rFire    . . .     SeeInvis .   a - +1 trident
rCold    . . .     Gourm    .   n - +2 buckler
rNeg     . . .     Faith    .   E - +1 leather armour
rPois    .         Spirit   .   y - +0 helmet
rElec    .         Reflect  .   (no cloak)
rCorr    .         Harm     .   (no gloves)
MR       .....                  (no boots)
Stlth    +.........             J - amulet of regeneration
HPRegen  0.60/turn              m - +2 ring of dexterity
MPRegen  0.11/turn              (no ring)

@: paralysed, lethally poisoned (-11 -> -13), very slightly contaminated, slowed
A: change form in water, swift swim, stealthy swim
a: Heroism, Renounce Religion


You were on level 8 of the Dungeon.
You worshipped Okawaru.
Okawaru was pleased with you.
You were not hungry.

You visited 2 branches of the dungeon, and saw 9 of its levels.
You also visited: Ossuary.

You collected 270 gold pieces.

Inventory:

Hand Weapons
 a - a +1 trident (weapon)
 i - a +0 vampiric whip
Missiles
 d - a throwing net
 e - 247 stones
 l - 4 javelins (quivered)
Armour
 c - a +0 helmet
 n - a +2 buckler (worn)
 y - a +0 helmet (worn)
 E - a +1 leather armour (worn)
 N - a +0 ring mail
Magical Staves
 g - an uncursed staff of summoning {unknown}
Jewellery
 m - a +2 ring of dexterity (left hand)
 J - an amulet of regeneration (around neck)
Wands
 C - a wand of paralysis (10/24)
 O - a wand of flame (17/48)
 Q - a wand of lightning (9/15)
Scrolls
 b - 6 scrolls of remove curse
 o - a scroll of amnesia
 p - 2 scrolls of recharging {unknown}
 q - 4 scrolls of identify
 v - 2 scrolls of fear
 D - 6 scrolls of enchant armour
 F - a scroll of blinking {unknown}
 M - a scroll of noise {unknown}
Potions
 j - 2 potions of curing
 k - 3 potions of lignification
 u - a potion of degeneration {unknown}
 x - 2 potions of flight
 z - 2 potions of brilliance {unknown}
 A - a potion of heal wounds {unknown}
 B - 4 potions of agility {unknown}
 G - a potion of invisibility {unknown}
 H - 2 potions of haste {unknown}
 P - 2 potions of berserk rage {unknown}
Books
 L - a book of Maledictions

   Spells                             Type                      Level
   a - Corona                         Hexes                        1
   b - Ensorcelled Hibernation        Hexes/Ice                    2
   c - Confuse                        Hexes                        3
   d - Tukima's Dance                 Hexes                        3
   e - Dazzling Spray                 Conjuration/Hexes            3
Comestibles
 f - 4 bread rations
 h - 4 meat rations
 r - 2 royal jellies
 t - a fruit
 K - 4 chunks of flesh


   Skills:
 - Level 4.1 Fighting
 - Level 12.0 Polearms
 - Level 2.0 Throwing
 - Level 5.7 Dodging
 + Level 0.2 Shields
 - Level 6.2 Hexes


You had 2 spell levels left.
You knew the following spells:

 Your Spells              Type           Power        Failure   Level  Hunger
a - Corona                Hex            ##.....      6%          1    ##.....
b - Ensorcelled Hibernat  Hex/Ice        #.....       34%         2    ###....
c - Confuse               Hex            ##......     19%         3    ####...


Dungeon Overview and Level Annotations

Branches:
Dungeon (8/15)             Temple (1/1) D:4
   Lair: D:8-11

Altars:
Ashenzari
Cheibriados
Dithmenos
Elyvilon
Fedhas
Gozag
Hepliaklqana
Kikubaaqudgha
Makhleb
Nemelex Xobeh
Okawaru
Qazlal
Ru
Sif Muna
Trog
Uskayaw
Vehumet
Wu Jian
Xom
Yredelemnul
Zin
The Shining One

Shops:
D:6 [

Annotations:
D:4 kinggod's ghost, novice KoAr


Message History

Casting: Confuse
Confirm with . or Enter, or press ? or * to list all spells.
Aiming: Ensorcelled Hibernation
Press: ? - help, Shift-Dir - straight line, f/p - hornet
Aim: a hornet (lightly wounded, chance to defeat MR: 28%)
You miscast Ensorcelled Hibernation.
You are very lightly contaminated with residual magic.
Strange energies run through your body.
You feel sick. The hornet closely misses you. The hornet stings you!
You suddenly lose the ability to move!
The hornet stings you!
* * * LOW HITPOINT WARNING * * *
You are more poisoned.
You feel as though you will be slow longer.
You feel sick.
The hornet stings you but does no damage.
You feel sick. The hornet stings you!
* * * LOW HITPOINT WARNING * * *
You feel as though you will be slow longer.
The hornet stings you!
You die...

### ( #.. ..# #. #.#
#.# #.# #.. #.# ..# #.#
#.# . ### #.# #.####.#
. . ..###.##...<..###
..#. #...#.#........#
...##...##@..#####.###
..#..#...#y##.#####...#
.y?.###.###.##......#
#.#..#.## #.##.##...#
#......# #........##
###...## ####.###.#
#...# ...##.. #...#
...##### #...# #....


You could see a hornet.

Vanquished Creatures
  Grinder (D:3)
  An ice beast (D:5)
  An orc warrior (D:7)
  A phantom (D:6)
  2 ogres
  A centaur (D:6)
  A bullfrog (D:6)
  2 scorpions
  3 killer bees (D:6)
  3 orc priests
  8 orc wizards
  A bullfrog skeleton (D:4)
  A worker ant (D:4)
  An iguana (D:4)
  A hound skeleton (D:4)
  5 mummies (Ossuary)
  3 gnolls (D:6)
  8 adders
  An ooze (D:2)
  An adder skeleton (D:8)
  3 worms
  3 dart slugs
  A leopard gecko (D:4)
  22 orcs
  5 bats
  4 giant cockroaches
  6 goblins
  5 hobgoblins
  11 jackals
  6 kobolds
  7 quokkas
  10 frilled lizards
  A hobgoblin zombie (Ossuary)
  4 kobold zombies (Ossuary)
  An orc zombie (Ossuary)
  7 rats
142 creatures vanquished.

Vanquished Creatures (others)
  An orc priest (D:7)
  An orc wizard (D:7)
  An orc (D:7)
3 creatures vanquished.

Grand Total: 145 creatures vanquished

Notes
Turn   | Place    | Note
-------+----------+-------------------------------------------
     0 | D:1      | Gate88 the Merfolk Gladiator began the quest for the Orb.
     0 | D:1      | Reached XP level 1. HP: 16/16 MP: 1/1
     6 | D:1      | Noticed an anaconda
     6 | D:1      | Noticed a polar bear
     7 | D:1      | Noticed a rime drake
     7 | D:1      | Noticed an iguana
   109 | D:1      | Reached skill level 5 in Polearms
   124 | D:1      | Reached XP level 2. HP: 22/22 MP: 2/2
   797 | D:1      | Reached XP level 3. HP: 27/27 MP: 3/3
   800 | D:1      | Reached skill level 6 in Polearms
  1387 | D:2      | Reached XP level 4. HP: 28/33 MP: 4/4
  1442 | D:2      | Reached skill level 7 in Polearms
  1673 | D:3      | Noticed Grinder
  1681 | D:3      | Paralysed by Grinder for 6 turns
  1688 | D:3      | Paralysed by Grinder for 2 turns
  1710 | D:3      | Killed Grinder
  1710 | D:3      | Reached skill level 9 in Polearms
  1710 | D:3      | Reached XP level 5. HP: 14/38 MP: 5/5
  1710 | D:3      | Reached XP level 6. HP: 16/44 MP: 6/6
  2054 | D:3      | Reached skill level 10 in Polearms
  2470 | D:4      | Reached XP level 7. HP: 48/50 MP: 7/7
  2495 | D:4      | Reached skill level 11 in Polearms
  3022 | D:4      | Found a white marble altar of Elyvilon.
  3077 | D:4      | Found a staircase to the Ecumenical Temple.
  3083 | Temple   | Entered the Ecumenical Temple
  3133 | Temple   | Became a worshipper of Warmaster Okawaru
  3199 | D:4      | Found a sacrificial altar of Ru.
  3491 | D:4      | Noticed kinggod's ghost (novice KoAr)
  3835 | D:4      | Reached skill level 12 in Polearms
  3918 | D:5      | Entered Level 5 of the Dungeon
  3964 | D:5      | Noticed an angel
  3967 | D:5      | Found a glowing silver altar of Zin.
  3968 | D:5      | Found a shimmering altar of Xom.
  3994 | D:5      | Found an ancient bone altar of Kikubaaqudgha.
  4089 | D:5      | Found a sand-covered staircase.
  4120 | Ossuary  | Entered an ossuary
  4661 | D:5      | Noticed a two-headed ogre
  4793 | D:5      | Reached skill level 5 in Dodging
  4793 | D:5      | Reached XP level 8. HP: 40/58 MP: 8/8
  5154 | D:6      | Reached * piety under Okawaru
  5275 | D:6      | Learned a level 1 spell: Corona
  5314 | D:6      | Found an opulent altar of Gozag.
  5350 | D:6      | Reached skill level 1 in Hexes
  5420 | D:6      | Found Wisulev's Armour Boutique.
  5557 | D:5      | Learned a level 2 spell: Ensorcelled Hibernation
  5617 | D:6      | Found a deep blue altar of Sif Muna.
  5901 | D:6      | Reached skill level 5 in Hexes
  6041 | D:7      | Found a radiant altar of Vehumet.
  6050 | D:7      | Learned a level 3 spell: Confuse
  6076 | D:7      | Reached ** piety under Okawaru
  6076 | D:7      | Reached XP level 9. HP: 65/65 MP: 7/9
  6283 | D:8      | Noticed a hornet
  6301 | D:8      | Paralysed by a hornet for 3 turns
  6303 | D:8      | Mangled by a hornet

Vault maps used:
D:1:      onia_arrival_zoo_common, kennysheep_minor_cross
D:3:      first_bread, uniq_grinder
D:4:      nicolae_ru_great_annihilating_truth, marbit_many_paths,
          minmay_temple_entry_enclosed_plants
D:5:      grunt_temple_overflow_order_and_chaos_1, lemuel_crystal_altar,
          enter_ossuary_2
D:6:      grunt_gozag_statues, serial_shops, nicolae_shop_waterfront,
          led_sif_pool
D:7:      fiery_altar_vehumet, grunt_decor_one_mirror
Temple:   eino_wide_crystal_templ
Ossuary:  ossuary_tomb_3

Skill      XL: |  1  2  3  4  5  6  7  8 |
---------------+-------------------------+-----
Polearms       | 5 6 9 10 12 | 12.0
Fighting       | 3 4 |  4.1
Dodging        | 5 |  5.7
Hexes          | 6 |  6.2
Throwing       | |  2.0
Shields        | |  0.2

Action                   |  1- 3 |  4- 6 |  7- 9 || total
-------------------------+-------+-------+-------++-------
Melee: Trident           |   139 |   121 |   454 ||   714
Throw: Throwing net      |       |     2 |     1 ||     3
       Javelin           |       |       |     3 ||     3
 Cast: Corona            |       |       |     2 ||     2
       Confuse           |       |       |     2 ||     2
  Use: Scroll            |       |       |    11 ||    11
       Potion            |       |       |     2 ||     2
 Stab: Sleeping          |     1 |       |     2 ||     3
       Paralysed         |       |       |     1 ||     1
       Confused          |       |       |     3 ||     3
  Eat: Chunk             |     2 |     3 |    13 ||    18
Armor: Leather armour    |    18 |       |    18 ||    36
       Scale mail        |     6 |    20 |    55 ||    81
Dodge: Dodged            |    57 |    24 |   175 ||   256
Block: Buckler           |    12 |    13 |    98 ||   123
